 Dungeon Crawl Stone Soup version 0.20-a0-1109-ge3cd172 (webtiles) character file.

34056 grindst0ne the Protected (level 13, -6/86 HPs)
             Began as a Gargoyle Fighter on May 5, 2017.
             Was a High Priest of Wu Jian.
             Mangled by a 20-headed hydra (7 damage)
             ... on level 3 of the Lair of Beasts.
             The game lasted 01:06:29 (16843 turns).

grindst0ne the Protected (Gargoyle Fighter)        Turns: 16843, Time: 01:06:30

Health: -6/86      AC: 36    Str: 28    XL:     13   Next: 75%
Magic:  16/16      EV:  8    Int: 14    God:    Wu Jian [*****.]
Gold:   874        SH: 18    Dex: 11    Spells: 12/12 levels left

rFire    . . .     SeeInvis +   U - +10 hand axe "Hoeroo Padew" {venom, rC+}
rCold    + . .     Gourm    .   P - +2 large shield
rNeg     + . .     Faith    .   B - +3 plate armour
rPois    ∞         Spirit   .   T - +0 helmet
rElec    +         Reflect  .   (no cloak)
rCorr    .         Harm     .   n - +1 pair of gloves
MR       +....                  (no boots)
Stlth    ..........             (no amulet)
Regen    0.3/turn               W - ring of Dupa {MR+ SInv}
MPRegen  0.2/turn               y - +4 ring of protection

@: very slow
A: rugged brown scales 1, agile 1, clever 2, negative energy resistance 1,
electricity resistance, strong 2, unbreathing, petrification resistance, rot
immunity, MP-powered wands, AC +9
a: Serpent's Lash, Heavenly Storm, Renounce Religion


You were on level 3 of the Lair of Beasts.
You worshipped Wu Jian.
Wu Jian was extremely pleased with you.
You were near starving.

You visited 2 branches of the dungeon, and saw 15 of its levels.
You also visited: Sewer and Volcano.

You collected 874 gold pieces.

Inventory:

Hand Weapons
 c - a +6 short sword of holy wrath
 D - a +2 executioner's axe of flaming
 G - a +2 antimagic mace
 I - a +3 flail
 U - the +10 hand axe "Hoeroo Padew" (weapon) {venom, rC+}
   (You found it on level 10 of the Dungeon)

   It poisons the flesh of those it strikes.
   It protects you from cold.
 X - a +2 great mace of flaming
Missiles
 u - 2 throwing nets (quivered)
 x - 3 poisoned javelins
 Y - 2 silver tomahawks
Armour
 n - a +1 pair of gloves (worn)
 B - a +3 plate armour (worn)
 P - a +2 large shield (worn)
 Q - a +2 chain mail of fire resistance
 T - a +0 helmet (worn)
 V - a +2 ring mail of fire resistance
Magical Staves
 i - an uncursed staff of summoning
Jewellery
 k - a +3 ring of strength
 y - a +4 ring of protection (right hand)
 R - an uncursed ring of resist corrosion
 W - the ring of Dupa (left hand) {MR+ SInv}
   (You found it on level 11 of the Dungeon)

   [ring of see invisible]

   It affects your resistance to hostile enchantments.
   It lets you see invisible.
Wands
 l - a wand of random effects (25/48)
 A - a wand of flame (10/48)
 F - a wand of lightning (9/15)
 J - a wand of acid (5/15)
 K - a wand of iceblast (11/15)
 L - a wand of enslavement (11/24)
 N - a wand of polymorph (8/24)
 S - a wand of lightning (5/15)
 Z - a wand of lightning (7/15)
Scrolls
 d - 3 scrolls of teleportation
 j - 6 scrolls of remove curse
 o - 4 scrolls of magic mapping
 q - 3 scrolls of fear
 r - a scroll of enchant weapon
 s - 10 scrolls of identify
 z - a scroll of amnesia
 E - 3 scrolls of recharging
Potions
 b - a potion of resistance
 e - 5 potions of curing
 g - 6 potions of brilliance
 p - 2 potions of magic
 v - 3 potions of might
 C - a potion of berserk rage
 H - a potion of flight
Miscellaneous
 O - a phial of floods (inert)
Comestibles
 f - 14 bread rations
 h - 3 meat rations
 m - 35 fruits
 M - 7 royal jellies


   Skills:
 - Level 11.2 Fighting
 * Level 7.4(9.4) Axes
 - Level 9.7(10.9) Maces & Flails
 - Level 11.6 Armour
 * Level 9.9 Dodging
 + Level 5.5 Shields
 * Level 5.2 Evocations


You had 12 spell levels left.
You didn't know any spells.

Dungeon Overview and Level Annotations

Branches:
Dungeon (11/15)            Temple (0/1) D:6            Lair (4/6) D:11
  Swamp (0/4) Lair:3        Snake (0/4) Lair:4          Orc (0/2) D:10

Altars:
Ashenzari
Cheibriados
Dithmenos
Elyvilon
Gozag
Hepliaklqana
Kikubaaqudgha
Okawaru
Uskayaw
Vehumet
Wu Jian
Xom
Zin
The Shining One

Shops:
D:7 [

Annotations:
D:8 exclusion: ice statue


Innate Abilities, Weirdness & Mutations

You are resistant to torment.
Your stone body is resilient. (AC +9)
You are immune to poison.
You resist negative energy. (rN+)
You are resistant to electric shocks. (rElec)
You can survive without breathing.
You are immune to petrification.
You are immune to rotting.
You are partially covered in rugged brown scales. (AC +1, +3% HP)
You are agile. (Dex +2)
Your mind is very acute. (Int +4)
Your muscles are very strong. (Str +4)
You expend magic power (3 MP) to strengthen your wands.


Message History

The 20-headed hydra barely misses you.
The 20-headed hydra bites you but does no damage.
The 20-headed hydra completely misses you.
You block the 20-headed hydra's attack. The 20-headed hydra closely misses you.
The 20-headed hydra bites you but does no damage. x3
You climb upwards.
There is a stone staircase leading down, spattered with blood here.
You enter the shallow water.
Moving in this stuff is going to be slow.
You block the crocodile's attack.
The polar bear goes berserk!
The 20-headed hydra closely misses you. You block the 20-headed hydra's attack.
The 20-headed hydra bites you but does no damage. x2
You block the 20-headed hydra's attack.
The 20-headed hydra completely misses you.
The 20-headed hydra bites you but does no damage. x4
You block the 20-headed hydra's attack.
The 20-headed hydra bites you but does no damage.
The 20-headed hydra completely misses you.
The 20-headed hydra bites you!
You die...

.............................#
............................##
....########................##
.#..######...................#
...............≈.≈..........##
..............≈≈≈≈≈≈≈........#
...##.##..P..≈≈≈≈≈≈≈≈≈.#....##
...#..##..#..≈≈≈≈≈≈≈≈≈.##P..##
.............≈≈≈@h.≈≈≈.......#
............≈≈≈≈tD.≈≈≈≈.....##
.............≈≈≈..≈≈≈≈.###..#
.............≈≈≈≈≈≈≈≈≈..#...##
.............≈≈≈≈≈≈≈≈≈......P#
..............≈≈≈≈≈≈........##
.................≈......##..#
..................###.###...#
..................##.#####..#


You could see a 20-headed hydra, a polar bear (berserk) and a crocodile.

Vanquished Creatures
  4 two-headed ogres
  A dancing weapon (Volcano)
  2 death yaks (Lair:2)
  An unseen horror (D:10)
  4 wizards (Volcano)
  2 ugly things (D:11)
  3 oklob plants (Lair:2)
  3 centaur zombies
  A black mamba (Lair:3)
  5 toenail golems (Volcano)
  5 elephants (Lair:3)
  2 manticores (D:11)
  5 spiny frogs
  A torpor snail (Lair:2)
  A gargoyle (D:10)
  4 komodo dragons
  A hornet (D:11)
  2 tyrant leeches (Lair:3)
  3 trolls
  3 hippogriffs
  A blink frog (Lair:2)
  Sigmund (D:6)
  3 wyverns (D:11)
  31 yaks
  A shadow (D:11)
  3 hogs (D:9)
  Eustachio (D:4)
  2 basilisks (Lair:3)
  A human (D:9)
  The ghost of Mygna the Grave Robber, an amateur DsNe (D:4)
  8 water moccasins
  3 porcupines
  6 orc warriors
  5 sky beasts
  Purgy (D:3)
  A hornet zombie (D:9)
  3 ice beasts
  4 ogres
  24 wolves (Lair:1)
  4 centaurs
  Blork the orc (D:6)
  6 crocodiles
  A big kobold (D:9)
  13 bullfrogs
  A gnoll sergeant (D:7)
  A scorpion (Lair:1)
  A killer bee (D:11)
  7 wights
  6 electric eels
  6 howler monkeys
  3 crimson imps
  3 jellies
  2 bullfrog zombies
  3 orc priests
  A bullfrog skeleton (D:5)
  3 hounds
  9 orc wizards
  3 centaur skeletons
  4 iguanas
  5 worker ants
  A hound zombie (D:7)
  5 hound skeletons
  A worker ant zombie (D:7)
  11 gnolls
  3 howler monkey skeletons
  12 adders
  2 river rats (Sewer)
  2 shadow imps
  An ufetubus (D:10)
  3 oozes
  2 adder skeletons
  2 adder zombies (D:3)
  2 worms
  A dart slug (D:1)
  6 leopard geckos
  31 orcs
  7 bats
  9 giant cockroaches
  9 goblins
  4 hobgoblins
  20 jackals
  8 kobolds
  5 quokkas
  14 ball pythons (Sewer)
  A ball python skeleton (D:3)
  3 frilled lizards
  A giant cockroach zombie (D:6)
  3 jackal skeletons (D:3)
  2 leopard gecko skeletons
  2 leopard gecko zombies (D:3)
  A quokka zombie (D:6)
  31 rats
  2 butterflies (D:8)
  A fungus (Lair:2)
  9 plants
453 creatures vanquished.

Vanquished Creatures (others)
  A wizard (Volcano)
  3 plants
4 creatures vanquished.

Grand Total: 457 creatures vanquished

Notes
Turn   | Place    | Note
-------+----------+-------------------------------------------
     0 | D:1      | grindst0ne the Gargoyle Fighter began the quest for the Orb.
     0 | D:1      | Reached XP level 1. HP: 14/14 MP: 1/1
   106 | D:1      | Reached XP level 2. HP: 19/19 MP: 2/2
   626 | D:1      | Reached XP level 3. HP: 10/24 MP: 3/3
  1308 | D:2      | Reached XP level 4. HP: 30/30 MP: 4/4
  1665 | D:3      | Reached XP level 5. HP: 33/34 MP: 5/5
  1765 | D:3      | Found an opulent altar of Gozag.
  1885 | D:3      | Reached skill level 5 in Fighting
  2106 | D:3      | Found a glowing silver altar of Zin.
  2106 | D:3      | Found a white marble altar of Elyvilon.
  2107 | D:3      | Found a glowing golden altar of the Shining One.
  2378 | D:3      | Noticed Purgy
  2417 | D:3      | Killed Purgy
  2417 | D:3      | Reached XP level 6. HP: 25/41 MP: 6/6
  2680 | D:3      | Gained mutation: Your muscles are strong. (Str +2) [potion of mutation]
  2680 | D:3      | Gained mutation: Your muscles are very strong. (Str +4) [potion of mutation]
  3022 | D:4      | Reached skill level 5 in Maces & Flails
  3094 | D:4      | Found a hazy altar of Hepliaklqana.
  3095 | D:4      | Noticed Mygna's ghost (amateur DsNe)
  3638 | D:4      | Killed Mygna's ghost
  3638 | D:4      | Reached XP level 7. HP: 44/47 MP: 7/7
  3767 | D:4      | Found an ancient bone altar of Kikubaaqudgha.
  3825 | D:4      | Noticed Eustachio
  3939 | D:4      | Killed Eustachio
  4500 | D:5      | Entered Level 5 of the Dungeon
  4544 | D:5      | Reached XP level 8. HP: 36/53 MP: 8/8
  5338 | D:6      | Found an iron altar of Okawaru.
  5400 | D:6      | Found a glowing drain.
  5403 | D:6      | Reached skill level 1 in Dodging
  5418 | D:6      | Noticed Blork the orc
  5420 | D:6      | Found a shadowy altar of Dithmenos.
  5431 | D:6      | Killed Blork the orc
  5498 | Sewer    | Entered a sewer
  5945 | Sewer    | Reached XP level 9. HP: 35/60 MP: 9/9
  6268 | D:6      | Gained mutation: You possess an exceptional clarity of mind. [mutagenic meat]
  6270 | D:6      | Lost mutation: You possess an exceptional clarity of mind. [mutagenic meat]
  6288 | D:6      | Found a snail-covered altar of Cheibriados.
  6300 | D:6      | Found an ornate altar of the Wu Jian Council.
  6320 | D:6      | Became a worshipper of the Wu Jian Council
  6333 | D:6      | Noticed Sigmund
  6334 | D:6      | You fall through a shaft for 3 floors!
  6378 | D:8      | Noticed an ice devil
  6379 | D:8      | Noticed an ice devil
  6380 | D:8      | Noticed an ice devil
  6381 | D:8      | Noticed an ice devil
  6381 | D:8      | Noticed an ice statue
  6437 | D:8      | Gained mutation: Your mind is acute. (Int +2) [mutagenic meat]
  6438 | D:8      | Gained mutation: You are agile. (Dex +2) [mutagenic meat]
  6476 | D:8      | Found a shimmering altar of Xom.
  6815 | D:6      | Found a staircase to the Ecumenical Temple.
  6906 | D:6      | Reached skill level 5 in Armour
  6953 | D:6      | Killed Sigmund
  7193 | D:7      | Reached * piety under Wu Jian
  7298 | D:7      | Found a radiant altar of Vehumet.
  7309 | D:7      | Found a hide-covered altar of Uskayaw.
  7706 | D:7      | Found Tananim's Armour Shop.
  7924 | D:8      | Noticed an ice devil
  8329 | D:8      | Gained mutation: You expend magic power (3 MP) to strengthen your wands. [mutagenic meat]
  8330 | D:8      | Gained mutation: Your mind is very acute. (Int +4) [mutagenic meat]
  8471 | D:9      | Reached XP level 10. HP: 63/66 MP: 10/10
  8501 | D:9      | Noticed a two-headed ogre
  8537 | D:9      | Killed a two-headed ogre
  8537 | D:9      | Reached skill level 5 in Dodging
  8706 | D:9      | Found a shattered altar of Ashenzari.
  8737 | D:9      | Noticed a two-headed ogre
  8745 | D:9      | Killed a two-headed ogre
  8935 | D:9      | Reached skill level 10 in Fighting
  9172 | D:9      | Reached XP level 11. HP: 65/72 MP: 11/11
  9205 | D:9      | Reached ** piety under Wu Jian
  9528 | D:10     | Entered Level 10 of the Dungeon
  9547 | D:10     | Noticed a two-headed ogre
  9558 | D:10     | Killed a two-headed ogre
  9674 | D:10     | Noticed a two-headed ogre
  9690 | D:10     | Killed a two-headed ogre
  9781 | D:10     | Found a staircase to the Orcish Mines.
  9841 | D:10     | Killed an unseen horror
  9946 | D:10     | Got a faintly glowing hand axe
  9947 | D:10     | Identified the +10 hand axe "Hoeroo Padew" {venom, rC+} (You found it on level 10 of the Dungeon)
  9975 | D:10     | Identified Qorr's Arcane Arts, Part One
 10112 | D:10     | Reached skill level 10 in Armour
 10408 | D:11     | Got a glittering granite ring
 10469 | D:11     | Identified the ring of Dupa {MR+ SInv} (You found it on level 11 of the Dungeon)
 10522 | D:11     | Found a runed door.
 10579 | D:11     | Noticed a cyan ugly thing
 10590 | D:11     | Reached skill level 1 in Axes
 10595 | D:11     | Killed a cyan ugly thing
 10621 | D:11     | Reached *** piety under Wu Jian
 10646 | D:11     | Gained mutation: You are partially covered in rugged brown scales. (AC +1, +3% HP) [mutagenic meat]
 10652 | D:11     | Noticed a manticore
 10655 | D:11     | Noticed a manticore
 10663 | D:11     | Killed a manticore
 10667 | D:11     | Killed a manticore
 10670 | D:11     | Reached XP level 12. HP: 63/81 MP: 12/12
 10826 | D:11     | Found a runed door.
 11232 | D:11     | Found a staircase to the Lair.
 11667 | Lair:1   | Entered Level 1 of the Lair of Beasts
 11728 | Lair:1   | Reached **** piety under Wu Jian
 12569 | Lair:1   | Reached skill level 5 in Axes
 12960 | Lair:2   | Reached skill level 1 in Evocations
 12968 | Lair:2   | Reached ***** piety under Wu Jian
 13318 | Lair:2   | Noticed a death yak
 13319 | Lair:2   | Noticed a death yak
 13339 | Lair:2   | Killed a death yak
 13339 | Lair:2   | Killed a death yak
 13339 | Lair:2   | Reached XP level 13. HP: 47/86 MP: 14/14
 14667 | Lair:3   | Found a staircase to the Swamp.
 14790 | Lair:3   | Found a dark tunnel.
 14868 | Volcano  | Entered a volcano
 15333 | Volcano  | Reached skill level 5 in Shields
 16227 | Lair:4   | HP: 3/86 [17-headed hydra (2)]
 16358 | Lair:4   | Reached skill level 5 in Evocations
 16361 | Lair:4   | Found a staircase to the Snake Pit.
 16841 | Lair:4   | HP: 1/86 [20-headed hydra (6)]
 16843 | Lair:3   | Mangled by a 20-headed hydra

Vault maps used:
D:1:      doesnt_arrival_eight_statues, minmay_misc_feat_cross, fountainhead,
          kennysheep_nondescript
D:3:      good_gods_temple_1, serial_undead, serial_undead_a, serial_undead_e,
          serial_undead_f, serial_undead_b, serial_undead_f, serial_undead_a,
          serial_undead_a, serial_undead_c, serial_undead_b, serial_undead_c,
          grunt_gozag_breadcrumbs, uniq_purgy
D:4:      kennysheep_mini, old_standard_altar, first_bread, uniq_eustachio
D:5:      kb_forest_paths
D:6:      grunt_temple_overflow_open, minmay_temple_entry_glassed_door,
          cheibrodos_sewer_entry_sluice, okawaru_trees_1, uniq_sigmund,
          uniq_blork_the_orc
D:7:      minitemple, serial_shops, shop
D:8:      cheibrodos_frozen_isle, xom_butterflies
D:9:      lemuel_round_altar, grunt_livestock
D:10:     david_orc_3, nrook_mini_backslash
D:11:     cheibrodos_histonic, lair_entry_dummy
Lair:1:   serial_bayou, serial_bayou_pond_c, serial_bayou_lagoon_a,
          serial_bayou_lake_a, serial_bayou_ford_a,
          grunt_forest_large_clearings, grunt_megastairs_4
Lair:2:   minmay_lair_oklob_chamber
Lair:3:   minmay_swamp_entry_worms, lightli_volcano_entry_magma_tube,
          infiniplex_staircase_pool_2, grunt_megastairs_5
Lair:4:   dummy_snake_entry, nicolae_quartered_pool_medium, grunt_megastairs_2,
          serial_bayou_shore_a, uniq_harold
Sewer:    sewer_minmay_w
Volcano:  volcano_bunker

Skill      XL: |  1  2  3  4  5  6  7  8  9 10 11 12 13 |
---------------+----------------------------------------+-----
Fighting       | 4 5 6 7 8 9 10 11 | 11.2
Maces & Flails | 3 4 5 6 7 8 9 |  9.7
Dodging        | 2 4 6 7 9 |  9.9
Armour         | 4 6 8 10 11 | 11.6
Axes           | 2 5 7 |  7.4
Evocations     | 2 5 |  5.2
Shields        | 4 5 |  5.5

Action                   |  1- 3 |  4- 6 |  7- 9 | 10-12 | 13-15 || total
-------------------------+-------+-------+-------+-------+-------++-------
Melee: Flail             |   126 |   203 |   638 |   314 |       ||  1281
       Hand axe          |       |       |       |   374 |   239 ||   613
Evoke: Wand              |       |       |     2 |       |     2 ||     4
       Phial of floods   |       |       |       |     1 |     1 ||     2
       Phantom mirror    |       |       |       |       |     1 ||     1
  Use: Scroll            |       |    11 |    10 |     3 |    12 ||    36
       Potion            |       |     7 |     4 |     1 |     8 ||    20
 Stab: Distracted        |       |       |       |       |     1 ||     1
  Eat: Chunk             |     1 |     7 |    25 |    18 |     9 ||    60
       Fruit             |       |     1 |       |       |     1 ||     2
Armor: Scale mail        |    92 |    82 |       |       |       ||   174
       Skin              |       |    28 |    52 |     1 |       ||    81
       Plate armour      |       |       |   471 |   414 |   242 ||  1127
       Robe              |       |       |       |       |    11 ||    11
Dodge: Dodged            |    65 |    73 |   307 |   198 |   111 ||   754
Block: Shield            |    77 |   149 |    81 |       |       ||   307
       Buckler           |       |       |   110 |    36 |       ||   146
       Large shield      |       |       |       |   381 |   246 ||   627
